 Seeded DCSS version 0.31-a0-851-g7ff8af7976 (webtiles) character file.

Game seed: 8555861203913339888 (custom seed)

11 Psyclone the Conjurer (level 2, 15/15 HPs)
             Began as a Deep Elf Conjurer on Oct 5, 2023.
             Quit the game on level 1 of the Dungeon.
             The game lasted 00:01:48 (258 turns).

Psyclone the Conjurer (Deep Elf Conjurer)            Turns: 258, Time: 00:01:49

Health: 15/15      AC:  5    Str:  4    XL:     2   Next: 17%
Magic:  8/8        EV: 12    Int: 22    God:
Gold:   1083       SH:  0    Dex: 13    Spells: 6/7 levels left

rFire   + . .        a - +3 Elemental Staff {ele, rElec rF+ rC+ AC+3}
rCold   + . .        (no shield)
rNeg    . . .        e - +0 robe
rPois   .            (no helmet)
rElec   +            (no cloak)
rCorr   .            (no gloves)
SInv    .            (no boots)
Will    .....        (no amulet)
Stlth   ++           (no ring)
HPRegen 0.22/turn    (no ring)
MPRegen 0.11/turn

%: no passive effects
@: no status effects
A: no striking features
a: no special abilities


You were on level 1 of the Dungeon.
You visited 1 branch of the dungeon, and saw 1 of its levels.

You collected 1083 gold pieces.

Inventory:

Hand Weapons
 a - the +3 Elemental Staff (weapon) {ele, rElec rF+ rC+ AC+3}
   (You acquired it on level 1 of the Dungeon)

   AC+3:      It affects your AC (+3).
   rF+:       It protects you from fire.
   rC+:       It protects you from cold.
   rElec:     It insulates you from electricity.
 b - the +11 morningstar of Uskayaw's Fury {freeze, rElec Dex+4}
   (You acquired it on level 1 of the Dungeon)

   Dex+4:     It affects your dexterity (+4).
   rElec:     It insulates you from electricity.
Armour
 e - a +0 robe (worn)
Scrolls
 c - a scroll of amnesia {unknown}
Potions
 d - 2 potions of ambrosia {unknown}
 f - a potion of magic


   Skills:
 - Level 2.4 Dodging
 - Level 2.4 Stealth
 - Level 3.0 Spellcasting
 + Level 5.0 Conjurations


You had 6 spell levels left.
You knew the following spells:

 Your Spells              Type           Power      Damage    Failure   Level
a - Magic Dart            Conj           100%       1d8       1%          1

Your spell library contained the following spells:

 Spells                   Type           Power      Damage    Failure   Level
 Searing Ray              Conj           50%        2d6       2%          2
 Dazzling Flash           Conj/Hex       28%        N/A       13%         3
 Fulminant Prism          Conj/Hex       7%         3d7       41%         4
 Iskenderun's Mystic Bla  Conj/Tloc      14%        2d5       41%         4


Dungeon Overview and Level Annotations

Branches:
Dungeon (1/15) Zot: 5739

Altars:


Message History

MP restored: 8 A quokka comes into view.
Casting: Magic Dart (safe; 1% risk of failure)
Confirm with . or Enter, or press ? or * to list all spells.
Aiming: Magic Dart (safe; 1% risk of failure)
Press: ? - help, Shift-Dir - straight line, f - quokka
Aim: a quokka (100% to hit)
The magic dart hits the quokka!
You kill the quokka!
You now have 7/8 mp.
Casting: Magic Dart (safe; 1% risk of failure)
Confirm with . or Enter, or press ? or * to list all spells.
You can't see any susceptible monsters within range! (Use Z to cast anyway.) Unknown command.
Found 12 gold pieces.
MP restored: 8
Found 3 scrolls labelled XUBBEDGHI ZUXAESU.
You now have 42 gold pieces (gained 12).
e - 3 scrolls labelled XUBBEDGHI ZUXAESU This is a scroll of acquirement!
Something appears at your feet! Something appears at your feet!
Something appears at your feet!
Unknown command.
You now have 1083 gold pieces (gained 1041).
Things that are here:
the +3 Elemental Staff {ele, rElec rF+ rC+ AC+3}; the +11 morningstar of Uskayaw's Fury {freeze, rElec Dex+4}
e - the +3 Elemental Staff (weapon)
{ele, rElec rF+ rC+ AC+3} You see here the +11 morningstar of Uskayaw's Fury {freeze, rElec Dex+4}.
f - the +11 morningstar of Uskayaw's Fury {freeze, rElec Dex+4} Adjust (i)tems, (s)pells, or (a)bilities?
e - the +3 Elemental Staff (weapon)
{ele, rElec rF+ rC+ AC+3} Adjust to which letter? (? for menu, Esc to quit)
a - the +3 Elemental Staff (weapon)
{ele, rElec rF+ rC+ AC+3}
e - a +0 robe (worn)
Adjust (i)tems, (s)pells, or (a)bilities?
f - the +11 morningstar of Uskayaw's Fury {freeze, rElec Dex+4} Adjust to which letter? (? for menu, Esc to quit)
b - the +11 morningstar of Uskayaw's Fury {freeze, rElec Dex+4}
f - a potion of magic Are you sure you want to abandon this character and quit the game? (Confirm with "yes".)

### #.# #########.#####
#.............#
#.#.#####.###.#
##.#..@..#.###.#
#.....##.#.....#
#......#.#.....# #####
#................####....
#............###.........
#......#........#.......†
#......#..........#......
#......#.................
#......#...##.....#......


There were no monsters in sight!

Vanquished Creatures
  An endoplasm (D:1)
  2 hobgoblins (D:1)
  2 jackals (D:1)
  2 quokkas (D:1)
  3 frilled lizards (D:1)
10 creatures vanquished.

Notes
Turn   | Place    | Note
-------+----------+-------------------------------------------
     0 | D:1      | Psyclone the Deep Elf Conjurer began the quest for the Orb.
     0 | D:1      | Reached XP level 1. HP: 10/10 MP: 6/6
   147 | D:1      | Reached XP level 2. HP: 15/15 MP: 4/8
   213 | D:1      | Reached skill level 5 in Conjurations
   248 | D:1      | Identified 3 scrolls of acquirement
   248 | D:1      | Acquired the +11 morningstar of Uskayaw's Fury {freeze,
                  | rElec Dex+4}
   249 | D:1      | Acquired 1041 gold pieces
   250 | D:1      | Acquired the +3 Elemental Staff {ele, rElec rF+ rC+ AC+3}
   250 | D:1      | Found the +3 Elemental Staff {ele, rElec rF+ rC+ AC+3}
   258 | D:1      | Quit the game

Illustrated notes

Levels and vault maps discovered:
D:1:      dpeg_arrival_more_subterranean_lakeside_camping, layout_basic

Skill      XL: |  1  2 |
---------------+-------+-----
Conjurations   | 5 |  5.0
Dodging        | |  2.4
Stealth        | |  2.4
Spellcasting   | |  3.0

Action                     || total
---------------------------++-------
  Melee: Unarmed           ||     5
   Cast: Magic Dart        ||    17
    Use: Scroll            ||     3
 Armour: Robe              ||     2
  Dodge: Dodged            ||     7

Table legend: (Time is in decaauts)
 A = Elapsed time spent in this place.
 B = Non-inter-level travel time spent in this place.
 C = Inter-level travel time spent in this place.
 D = Time resting spent in this place.
 E = Time spent auto-exploring this place.
 F = Levels seen in this place.
 G = Mean time per level.
                   A        B        C        D        E       F      G
               +--------+--------+--------+--------+--------+-----+--------+
         Total |    260 |    260 |      0 |    106 |      0 |   1 |  260.0 |
       Dungeon |    260 |    260 |      0 |    106 |      0 |   1 |  260.0 |
               +--------+--------+--------+--------+--------+-----+--------+

Top non-repeatable levels by time:
     D:1: 260 daAuts
